 Seeded DCSS version 0.30-a0-135-g630cfc4551 (webtiles) character file.

Game seed: 17246712331252751712 (custom seed)

2134 wilfster70 the Frost Mage (level 9, -1/59 (65) HPs)
             Began as a Gnoll Ice Elementalist on Sept 20, 2022.
             Slain by a wight
             ... wielding a +0 great sword
              (16 damage)
             ... on level 7 of the Dungeon.
             The game lasted 00:20:20 (8254 turns).

wilfster70 the Frost Mage (Gnoll Ice Elementalist)  Turns: 8254, Time: 00:20:21

HP:   -1/59 (65)    AC: 10    Str:  7    XL:     9   Next: 30%
MP:   13/19         EV: 14    Int: 19    God:
Gold: 328           SH:  0    Dex: 13    Spells: 9/21 levels left

rFire   . . .      SeeInvis +    a - +2 dagger (venom)
rCold   . . .      Faith    .    (no shield)
rNeg    + . .      Spirit   .    n - +0 robe
rPois   +          Reflect  .    c - +0 mask of the Dragon {Will+ Slay+3 SInv}
rElec   +          Harm     .    (no cloak)
rCorr   .          Rampage  .    (no gloves)
Will    ++...                    (no boots)
Stlth   ++++......               (no amulet)
HPRegen 0.19/turn                f - ring of Fealiuf {rElec rPois rN+ Will+ Stlth+}
MPRegen 0.16/turn                (no ring)

@: ice-armoured, freezing walls, drained
A: fangs 1, strong nose, distributed training
a: no special abilities


You were on level 7 of the Dungeon.
You visited 1 branch of the dungeon, and saw 8 of its levels.
You also visited: Sewer.

You collected 328 gold pieces.

Inventory:

Hand Weapons
 a - a +2 dagger of venom (weapon)
 b - a +0 sling of flaming
Missiles
 y - 13 poisoned darts
Armour
 c - the +0 mask of the Dragon (worn) {Will+ Slay+3 SInv}
   (You acquired it on level 1 of the Dungeon)

   Slay:      It affects your accuracy & damage with ranged weapons and melee
   (+3).
   SInv:      It lets you see invisible.
   Will:      It increases your willpower.
 n - a +0 robe (worn)
Jewellery
 e - a ring of ice
 f - the ring of Fealiuf (left hand) {rElec rPois rN+ Will+ Stlth+}
   (You acquired it on level 1 of the Dungeon)

   [ring of willpower]

   rElec:     It insulates you from electricity.
   rPois:     It protects you from poison.
   rN:        It protects you from negative energy.
   Will:      It increases your willpower.
   Stlth:     It makes you more stealthy.
 E - a ring of fire
 H - an amulet of the acrobat
 I - a ring of magical power
Wands
 s - a wand of mindburst (3)
 x - a wand of paralysis (5)
Scrolls
 h - a scroll of blinking {unknown}
 i - 4 scrolls of teleportation {unknown}
 j - 5 scrolls of fog {unknown}
 k - 2 scrolls of enchant weapon {unknown}
 l - 2 scrolls of poison {unknown}
 m - 2 scrolls of amnesia {unknown}
 q - a scroll of enchant armour {unknown}
 r - a scroll of identify
 t - 3 scrolls of summoning {unknown}
 u - 3 scrolls of magic mapping {unknown}
 A - a scroll of fear {unknown}
 B - a scroll of noise {unknown}
 G - a scroll of silence {unknown}
Potions
 d - 3 potions of lignification
 g - 9 potions of curing {unknown}
 o - a potion of cancellation {unknown}
 p - 2 potions of magic
 v - 3 potions of invisibility
 w - 3 potions of heal wounds
 z - a potion of resistance
 C - 2 potions of mutation
 D - 2 potions of might
 F - 2 potions of attraction {unknown}


   Skills:
 + Level 4.2 Fighting
 + Level 4.2 Short Blades
 + Level 4.2 Long Blades
 + Level 4.2 Axes
 + Level 4.2 Maces & Flails
 + Level 4.2 Polearms
 + Level 4.2 Staves
 + Level 4.2 Ranged Weapons
 + Level 4.2 Throwing
 + Level 4.2 Armour
 + Level 6.3 Dodging
 + Level 6.0 Stealth
 + Level 4.2 Shields
 + Level 4.2 Unarmed Combat
 + Level 6.6 Spellcasting
 + Level 3.5 Conjurations
 + Level 3.5 Hexes
 + Level 3.5 Summonings
 + Level 3.5 Necromancy
 + Level 3.5 Translocations
 + Level 3.5 Transmutations
 + Level 3.5 Fire Magic
 + Level 8.0 Ice Magic
 + Level 3.5 Air Magic
 + Level 3.5 Earth Magic
 + Level 3.5 Poison Magic
 + Level 4.7 Invocations
 + Level 4.2 Evocations


You had 9 spell levels left.
You knew the following spells:

 Your Spells              Type           Power      Damage    Failure   Level
a - Freeze                Ice            100%       1d11      1%          1
b - Frozen Ramparts       Ice            72%        1d11      1%          3
c - Ozocubu's Armour      Ice            36%        N/A       1%          3
d - Call Imp              Summ           19%        N/A       3%          2
e - Kindle Blastsparks    Fire/Tloc/Air  38%        2d13      8%          3

Your spell library contained the following spells:

 Spells                   Type           Power      Damage    Failure   Level
 Beastly Appendage        Tmut           38%        N/A       2%          1
 Foxfire                  Conj/Fire      76%        2x1d7     2%          1
 Summon Small Mammal      Summ           76%        N/A       2%          1
 Blink                    Tloc           38%        N/A       3%          2
 Scorch                   Fire           38%        2d7       3%          2
 Wereblood                Tmut           19%        N/A       3%          2
 Inner Flame              Hex/Fire       19%        N/A       8%          3
 Lesser Beckoning         Tloc           19%        N/A       8%          3
 Spider Form              Tmut/Pois      19%        N/A       8%          3
 Hailstorm                Conj/Ice       28%        3d8       10%         4
 Flame Wave               Conj/Fire      19%        2d7       24%         4
 Manifold Assault         Tloc           19%        N/A       24%         4
 Monstrous Menagerie      Summ           9%         N/A       100%        7
 Summon Hydra             Summ           9%         N/A       100%        7


Dungeon Overview and Level Annotations

Branches:
Dungeon (8/15)              Sewer (visited)
 Temple: D:4-7         Lair: D:8-11

Altars:
Dithmenos
Gozag
Makhleb
Nemelex Xobeh
Ru
Trog
Wu Jian

Annotations:
D:3 1 exclusion
D:7 Joseph


Innate Abilities, Weirdness & Mutations

You have very sharp teeth.
Your uncanny sense of smell can sniff out nearby items.
Your experience applies equally to all skills.


Message History

The wight hits you with a +0 great sword!
The wight hits you with a +0 hand axe! You partially resist.
You feel drained.
There is a stone staircase leading up, spattered with blood here.
The wight closely misses you. The wight misses you.
You climb upwards.
Level annotation: Joseph
There is a stone staircase leading down here.
The wight attacks as you move away! The wight closely misses you.
The wight hits you with a +0 hand axe. You partially resist.
You feel drained. The wight attacks as you move away!
The wight closely misses you. The wight attacks as you move away!
The wight barely misses you. The wight attacks as you move away!
The wight closely misses you.
Casting: Frozen Ramparts (safe; 1% risk of failure)
Confirm with . or Enter, or press ? or * to list all spells.
Casting: Frozen Ramparts (safe; 1% risk of failure)
Press: ? - help, Dir - look around, f - activate The walls around you are covered in ice.
The wall freezes the wight but does no damage.
The wight barely misses you.
The wight resists.
The wall freezes the wight.
Casting: Frozen Ramparts (safe; 1% risk of failure)
Confirm with . or Enter, or press ? or * to list all spells.
A film of ice covers your body!
The wall freezes the wight but does no damage.
The wight hits you with a +0 great sword!
You partially resist.
You feel drained.
The wight completely resists.
The wall freezes the wight but does no damage.
You hit the wight. You bite the wight.
The wight is moderately damaged.
The wight resists.
The wall freezes the wight.
The wight resists.
The wall freezes the wight.
The wight hits you with a +0 great sword.
* * * LOW HITPOINT WARNING * * *
You partially resist.
You feel drained.
You hit the wight.
The wight is severely damaged.
The wight completely resists.
The wall freezes the wight but does no damage.
The wight resists.
The wall freezes the wight.
The wight hits you with a +0 great sword!
You die...

..............# ##
..)...<###..#.# ######.
.....### #..#.# .......
.....### #..#.# #####.
.......# #.>#.# #...#
.....@. .#####.# #..#.# #...
.@...## .# #.# #..#.# #...
..## #
.#####.###..#.#######..## .
#.##
.#............zz@.......
...#
.#<#######....#######..#
###...# .............)...#
#..# #......
##.########...##.####..#
#...... #.#
##.............####......
#.#
####.......................#
#.#
#..)........########.......#
#.###.##....#.### #........
##.##....>.....# #.....###


You could see 2 wights.

Vanquished Creatures
  A steam dragon (D:7)
  A water moccasin (D:7)
  3 black bears
  An orc warrior (D:6)
  3 kobold brigands (Sewer)
  A phantom (D:6)
  2 necrophages (D:5)
  A bullfrog (D:6)
  A scorpion (D:5)
  A howler monkey (D:6)
  7 hounds
  2 jellies (D:6)
  3 orc priests
  A gnoll bouda (D:5)
  4 iguanas
  5 orc wizards
  9 gnolls (D:5)
  3 river rats
  12 adders
  A shadow imp (D:7)
  2 ufetubi
  3 worms
  4 dart slugs
  25 orcs
  6 ball pythons
  4 bats
  6 endoplasms
  8 giant cockroaches
  5 goblins
  5 hobgoblins
  11 kobolds
  3 quokkas
  A frilled lizard (D:2)
  5 rats
150 creatures vanquished.

Vanquished Creatures (others)
  2 orcs (D:7)
2 creatures vanquished.

Grand Total: 152 creatures vanquished

Notes
Turn   | Place    | Note
-------+----------+-------------------------------------------
     0 | D:1      | wilfster70 the Gnoll Ice Elementalist began the quest for
                  | the Orb.
     0 | D:1      | Reached XP level 1. HP: 13/13 MP: 6/6
   214 | D:1      | Reached XP level 2. HP: 15/19 MP: 2/7
   221 | D:1      | Identified a scroll of acquirement
   221 | D:1      | Acquired the +0 mask of the Dragon {Will+ Slay+3 SInv}
   221 | D:1      | Found the +0 mask of the Dragon {Will+ Slay+3 SInv}
   442 | D:1      | Acquired the ring of Fealiuf {rElec rPois rN+ Will+ Stlth+}
   945 | D:2      | Reached skill level 5 in Spellcasting
   945 | D:2      | Reached XP level 3. HP: 25/25 MP: 7/9
   949 | D:2      | Learned a level 3 spell: Frozen Ramparts
   953 | D:2      | Learned a level 3 spell: Ozocubu's Armour
  1140 | D:2      | Reached skill level 1 in Invocations
  1184 | D:2      | Found a faded altar of an unknown god.
  1744 | D:3      | Reached skill level 1 in Fighting
  1744 | D:3      | Reached skill level 1 in Short Blades
  1744 | D:3      | Reached skill level 1 in Long Blades
  1744 | D:3      | Reached skill level 1 in Axes
  1744 | D:3      | Reached skill level 1 in Maces & Flails
  1744 | D:3      | Reached skill level 1 in Polearms
  1744 | D:3      | Reached skill level 1 in Staves
  1744 | D:3      | Reached skill level 1 in Ranged Weapons
  1744 | D:3      | Reached skill level 1 in Throwing
  1744 | D:3      | Reached skill level 1 in Armour
  1744 | D:3      | Reached skill level 1 in Shields
  1744 | D:3      | Reached skill level 1 in Unarmed Combat
  1744 | D:3      | Reached skill level 1 in Evocations
  1744 | D:3      | Reached XP level 4. HP: 24/32 MP: 7/11
  1776 | D:3      | Reached skill level 1 in Conjurations
  1776 | D:3      | Reached skill level 1 in Hexes
  1776 | D:3      | Reached skill level 1 in Summonings
  1776 | D:3      | Reached skill level 1 in Necromancy
  1776 | D:3      | Reached skill level 1 in Translocations
  1776 | D:3      | Reached skill level 1 in Transmutations
  1776 | D:3      | Reached skill level 1 in Fire Magic
  1776 | D:3      | Reached skill level 1 in Air Magic
  1776 | D:3      | Reached skill level 1 in Earth Magic
  1776 | D:3      | Reached skill level 1 in Poison Magic
  1816 | D:3      | Found a glowing drain.
  1902 | D:3      | Reached XP level 5. HP: 28/37 MP: 8/12
  1911 | Sewer    | Entered a sewer
  2121 | Sewer    | Acquired Nedevumn's Directory of Assembling and the
                  | Arsonist
  2126 | Sewer    | Learned a level 2 spell: Call Imp
  2188 | Sewer    | Noticed a kobold brigand
  2204 | Sewer    | Killed a kobold brigand
  2205 | Sewer    | Reached XP level 6. HP: 22/44 MP: 12/14
  2683 | Sewer    | Reached skill level 5 in Dodging
  2985 | D:3      | Reached XP level 7. HP: 32/50 MP: 11/15
  3186 | D:3      | Found an ornate altar of the Wu Jian Council.
  3512 | D:3      | Found an opulent altar of Gozag.
  3520 | D:3      | Found a burning altar of Makhleb.
  3819 | D:4      | Found a sacrificial altar of Ru.
  3892 | D:4      | Reached skill level 5 in Stealth
  4050 | D:4      | Found a bloodstained altar of Trog.
  4205 | D:5      | Entered Level 5 of the Dungeon
  4403 | D:5      | Found a shadowy altar of Dithmenos.
  4535 | D:5      | Reached XP level 8. HP: 58/58 MP: 12/16
  5300 | D:5      | Found a sparkling altar of Nemelex Xobeh.
  6602 | D:6      | Reached XP level 9. HP: 65/65 MP: 18/18
  6610 | D:6      | Learned a level 3 spell: Kindle Blastsparks
  7287 | D:7      | Noticed Joseph
  7665 | D:7      | Reached skill level 8 in Ice Magic
  7973 | D:7      | HP: 2/65 [steam dragon] (3)]
  8254 | D:7      | Slain by a wight

Illustrated notes

Levels and vault maps discovered:
D:1:      evilmike_arrival_plus, layout_rooms
D:2:      minmay_evil_eye, layout_loops_ring, ebering_ecumenical_altar_box
D:3:      layout_basic, palyth_temple_overflow_mages, nzn_wu_jian_contemplation,
          amethyst_overflow_temple_binary, portal_sewer_entry_c
D:4:      layout_basic, trog_book, nicolae_ru_great_annihilating_truth
D:5:      layout_loops_ring, nicolae_dithmenos_the_darkroom,
          overflow_temple_1_default
D:6:      layout_basic
D:7:      layout_loops_ring, minmay_temple_entry_poolview, uniq_joseph
D:8:      layout_loops_ring, mainiacjoe_overflow_cross_hatched,
          beargit_hepliaklqana_dungeon_heroes, grunt_ministairs_7,
          dk_noncrumbling_4

Skill      XL: |  1  2  3  4  5  6  7  8  9 |
---------------+----------------------------+-----
Spellcasting   | 5 6 |  6.6
Invocations    | 1 2 3 4 |  4.7
Fighting       | 1 2 3 4 |  4.2
Short Blades   | 1 2 3 4 |  4.2
Long Blades    | 1 2 3 4 |  4.2
Axes           | 1 2 3 4 |  4.2
Maces & Flails | 1 2 3 4 |  4.2
Polearms       | 1 2 3 4 |  4.2
Staves         | 1 2 3 4 |  4.2
Ranged Weapons | 1 2 3 4 |  4.2
Throwing       | 1 2 3 4 |  4.2
Armour         | 1 2 3 4 |  4.2
Shields        | 1 2 3 4 |  4.2
Unarmed Combat | 1 2 3 4 |  4.2
Evocations     | 1 2 3 4 |  4.2
Conjurations   | 1 2 3 |  3.5
Hexes          | 1 2 3 |  3.5
Summonings     | 1 2 3 |  3.5
Necromancy     | 1 2 3 |  3.5
Translocations | 1 2 3 |  3.5
Transmutations | 1 2 3 |  3.5
Fire Magic     | 1 2 3 |  3.5
Air Magic      | 1 2 3 |  3.5
Earth Magic    | 1 2 3 |  3.5
Poison Magic   | 1 2 3 |  3.5
Dodging        | 5 6 |  6.3
Stealth        | 5 6 |  6.0
Ice Magic      | 8 |  8.0

Action                   |  1- 3 |  4- 6 |  7- 9 || total
-------------------------+-------+-------+-------++-------
Melee: Unarmed           |     3 |       |       ||     3
       Bite              |     1 |     5 |     9 ||    15
       Dagger            |       |    27 |    57 ||    84
       Punch             |       |       |     3 ||     3
 Fire: Sling             |    10 |    49 |   179 ||   238
 Cast: Freeze            |    32 |       |     2 ||    34
       Frozen Ramparts   |     1 |     9 |    23 ||    33
       Kindle Blastspark |       |       |     2 ||     2
       Ozocubu's Armour  |       |       |     1 ||     1
Evoke: Wand              |       |       |     2 ||     2
  Use: Scroll            |     2 |     1 |     7 ||    10
       Potion            |       |     1 |     1 ||     2
 Stab: Paralysed         |       |       |     2 ||     2
       Sleeping          |       |       |     2 ||     2
Armor: Robe              |     3 |     5 |    12 ||    20
Dodge: Dodged            |    22 |    37 |   132 ||   191

Table legend: (Time is in decaauts)
 A = Elapsed time spent in this place.
 B = Non-inter-level travel time spent in this place.
 C = Inter-level travel time spent in this place.
 D = Time resting spent in this place.
 E = Time spent auto-exploring this place.
 F = Levels seen in this place.
 G = Mean time per level.
                   A        B        C        D        E       F      G
               +--------+--------+--------+--------+--------+-----+--------+
         Total |   8375 |   8263 |    112 |   3235 |   2087 |   9 |  930.6 |
       Dungeon |   7370 |   7258 |    112 |   2651 |   2018 |   8 |  921.2 |
         Sewer |   1005 |   1005 |      0 |    584 |     69 |   1 | 1005.0 |
               +--------+--------+--------+--------+--------+-----+--------+

Top non-repeatable levels by time:
     D:6: 1664 daAuts
     D:5: 1368 daAuts
   Sewer: 1005 daAuts
     D:3: 992 daAuts
     D:1: 881 daAuts
     D:7: 853 daAuts
     D:2: 831 daAuts
     D:4: 764 daAuts
     D:8: 14 daAuts
